[Event "Titled Tuesday Blitz July 18 Late 2023"]
[White "Novikov, Evgenij"]
[Black "Romero Ruscalleda, Josep"]
[WhiteFideId "4125380"]
[BlackFideId "2231859"]
[WhiteElo "2478"]
[BlackElo "2379"]
[Result "0-1"]
[Round "8"]
[TimeControl "180+2"]
[Date "2023.07.18"]
[WhiteClock "0:00:37"]
[BlackClock "0:00:27"]
[Board "88"]

1. e4 g6 2. h4 d5 3. exd5 Qxd5 4. Nc3 Qa5 5. h5 Nf6 6. hxg6 fxg6 7. Bc4 Nc6 8. Nge2 Bg4 9. f3 Bf5 10. g4 Bd7 11. Nf4 Qe5+ 12. Nce2 Nd4 13. Rh3 Bc6 14. Kf2 Nxe2 15. Nxg6 hxg6 16. Rxh8 Nxg4+ 17. Kf1 Qxh8 18. Kxe2 Qe5+ 19. Kf1 Qh2 20. fxg4 Qh1+ 21. Ke2 Bf3+ 22. Kd3 Bxd1 23. Kc3 O-O-O 24. d4 Qf3+ 25. Bd3 Bg7 26. Bg5 Bxd4+ 27. Kb3 Qd5+ 28. Bc4 Bxc2+ 29. Kxc2 Qxc4+ 30. Kd2 Bxb2+ 31. Ke3 Bxa1 32. Bxe7 Rd3+ 33. Ke2 Qc2+ 34. Ke1 Rd1# 0-1


[Site "https://www.chess.com"]

[Event "Titled Tuesday Blitz July 18 Late 2023"]
[White "Salazar Farias, Luis German"]
[Black "Gerbelli Neto, Eduardo"]
[WhiteFideId "3902170"]
[BlackFideId "2103281"]
[WhiteElo "2475"]
[BlackElo "2379"]
[Result "1-0"]
[Round "8"]
[TimeControl "180+2"]
[Date "2023.07.18"]
[WhiteClock "0:00:07"]
[BlackClock "0:00:03"]
[Board "89"]

1. d4 d5 2. c4 c6 3. Nc3 Nf6 4. e3 e6 5. Nf3 Nbd7 6. Bd3 dxc4 7. Bxc4 b5 8. Bd3 a6 9. e4 c5 10. e5 cxd4 11. Nxb5 axb5 12. exf6 gxf6 13. O-O Qb6 14. Bf4 Bd6 15. Bxd6 Qxd6 16. Bxb5 e5 17. Re1 O-O 18. Nh4 Nc5 19. b4 Ne6 20. Nf5 Qxb4 21. Bd3 Kh8 22. Qh5 Ng5 23. Rab1 Qd2 24. Qh6 Nf3+ 25. gxf3 Qxh6 26. Nxh6 Kg7 27. Nf5+ Kg8 28. Ne7+ Kg7 29. Nxc8 Rfxc8 30. Rb2 Rc3 31. Be4 Raa3 32. Reb1 Kh6 33. Kf1 Kg5 34. Bxh7 f5 35. h4+ Kf4 36. Rb3 Rxa2 37. Kg2 Rcc2 38. Rf1 e4 39. fxe4 fxe4 40. Rg3 f5 41. h5 e3 42. Rf3+ Ke5 43. Rxf5+ Ke6 44. Rf3 e2 45. Re1 Rd2 46. Bd3 Kd5 47. h6 Ra3 48. Rxe2 Rdxd3 49. Rxd3 Rxd3 50. h7 Re3 51. h8=Q Rxe2 52. Qh5+ Re5 53. Qf3+ Re4 54. Qf5+ Re5 55. Qd7+ Ke4 56. Qa4 Rc5 57. Qd1 d3 58. Qd2 Rd5 59. Qe3+ Kf5 60. f3 d2 61. Qe4+ Kf6 62. Qxd5 1-0


[Site "https://www.chess.com"]

[Event "Titled Tuesday Blitz July 18 Late 2023"]
[White "Todev, Simeon"]
[Black "Rodriguez Fontecha, Marcos"]
[WhiteFideId "2925133"]
[BlackFideId "2256576"]
[WhiteElo "2379"]
[BlackElo "2474"]
[Result "0-1"]
[Round "8"]
[TimeControl "180+2"]
[Date "2023.07.18"]
[WhiteClock "0:00:02"]
[BlackClock "0:00:02"]
[Board "90"]

1. e4 e6 2. d4 d5 3. exd5 exd5 4. Nf3 Bd6 5. c4 dxc4 6. Bxc4 Nf6 7. Nc3 O-O 8. O-O Bb4 9. Bg5 Qd6 10. a3 Bxc3 11. bxc3 Bg4 12. h3 Bh5 13. Bd3 Nbd7 14. Bh4 c5 15. Be2 cxd4 16. cxd4 Nb6 17. Qd2 Rad8 18. Rfd1 Rfe8 19. Rac1 h6 20. Qc2 Nbd5 21. Ne5 Bxe2 22. Qxe2 Rc8 23. Qb5 b6 24. Bg3 Nc3 25. Rxc3 Rxc3 26. Ng4 Qc6 27. Nxf6+ gxf6 28. Qh5 Rc1 29. Bf4 Rxd1+ 30. Qxd1 Qe4 31. Qg4+ Kh7 32. Qh4 Qg6 33. d5 Re4 34. d6 Rd4 35. g3 h5 36. Kh2 Rd1 37. g4 Kg8 38. Bg3 Qe4 39. Bf4 Qh1+ 40. Kg3 Rg1# 0-1


[Site "https://www.chess.com"]

[Event "Titled Tuesday Blitz July 18 Late 2023"]
[White "Lalanne, Pablo"]
[Black "Jovic, Stanoje"]
[WhiteFideId "112151"]
[BlackFideId "905020"]
[WhiteElo "2377"]
[BlackElo "2472"]
[Result "1-0"]
[Round "8"]
[TimeControl "180+2"]
[Date "2023.07.18"]
[WhiteClock "0:00:26"]
[BlackClock "0:00:00"]
[Board "91"]

1. e4 c6 2. d4 d5 3. Nd2 dxe4 4. Nxe4 Bf5 5. Ng3 Bg6 6. h4 h6 7. Nf3 Nd7 8. h5 Bh7 9. Bd3 Bxd3 10. Qxd3 Ngf6 11. Bd2 e6 12. O-O-O Be7 13. Ne4 Nxe4 14. Qxe4 Nf6 15. Qe2 Qd5 16. Kb1 Qe4 17. Qxe4 Nxe4 18. Be3 O-O 19. Ne5 f5 20. f3 Nf6 21. g4 Nd5 22. Bd2 Bf6 23. Nd7 Rf7 24. Nxf6+ Rxf6 25. g5 hxg5 26. Bxg5 Rf7 27. Rdg1 f4 28. h6 g6 29. c4 Ne3 30. b3 Kh7 31. Re1 b5 32. cxb5 cxb5 33. Bxf4 Ng2 34. Bg5 Nxe1 35. Rxe1 Rxf3 36. Rxe6 Raf8 37. Kb2 b4 38. Kc2 R8f7 39. d5 Rg3 40. Be3 Rg2+ 41. Kd3 Rxa2 42. d6 Ra6 43. Kc4 Rd7 44. Kd5 Rf7 45. Re7 Kg8 46. d7 Rxe7 47. d8=Q+ Kf7 48. Bc5 Rae6 49. Bxe7 Rxe7 50. Qxe7+ 1-0


[Site "https://www.chess.com"]

[Event "Titled Tuesday Blitz July 18 Late 2023"]
[White "ExchangeAB"]
[Black "Melnichuk, Mikhail"]
[BlackFideId "14117533"]
[WhiteElo "2369"]
[BlackElo "2466"]
[Result "0-1"]
[Round "8"]
[TimeControl "180+2"]
[Date "2023.07.18"]
[WhiteClock "0:00:02"]
[BlackClock "0:00:17"]
[Board "92"]

1. d4 Nf6 2. Nc3 d5 3. Bf4 a6 4. e3 Bf5 5. f3 h6 6. g4 Bh7 7. Bd3 Bxd3 8. Qxd3 e6 9. h4 Bd6 10. Nge2 Nc6 11. a3 Qe7 12. Bxd6 Qxd6 13. Kf2 O-O-O 14. Ng3 g6 15. g5 Nd7 16. f4 Nb6 17. b3 Ne7 18. a4 Kb8 19. a5 Nbc8 20. Na4 Nf5 21. Nxf5 exf5 22. Nc5 Qc6 23. b4 Nd6 24. c3 Rde8 25. Rab1 Nc4 26. Rh3 hxg5 27. fxg5 Re7 28. Rbh1 Rhe8 29. Re1 f4 30. e4 Rxe4 31. Nxe4 dxe4 32. d5 Qd7 33. Rxe4 Rxe4 34. Qxe4 Qxh3 35. Qxc4 Qxh4+ 36. Kf1 Qxg5 37. Qc5 Qd8 38. c4 Qd6 39. Qd4 Qxb4 40. Qh8+ Ka7 41. Qd4+ b6 42. axb6+ Qxb6 43. Qxf4 f5 44. Qe5 Qb1+ 45. Kg2 Qe4+ 46. Qxe4 fxe4 47. c5 a5 48. c6 Kb6 49. d6 cxd6 0-1


[Site "https://www.chess.com"]

[Event "Titled Tuesday Blitz July 18 Late 2023"]
[White "Prieto Aranguren, Alain"]
[Black "Michalczak, Thomas"]
[WhiteFideId "2268906"]
[BlackFideId "4622634"]
[WhiteElo "2368"]
[BlackElo "2455"]
[Result "0-1"]
[Round "8"]
[TimeControl "180+2"]
[Date "2023.07.18"]
[WhiteClock "0:00:32"]
[BlackClock "0:00:58"]
[Board "93"]

1. e4 e5 2. Nf3 Nc6 3. Bb5 a6 4. Ba4 Nf6 5. d3 b5 6. Bb3 Bc5 7. O-O d6 8. h3 h6 9. c3 Bb6 10. Re1 O-O 11. Nbd2 Ne7 12. Nf1 Ng6 13. Ng3 Re8 14. a4 Rb8 15. axb5 axb5 16. Be3 Bxe3 17. fxe3 Be6 18. d4 Bxb3 19. Qxb3 c5 20. Red1 c4 21. Qb4 Qc7 22. d5 Rb6 23. Ra5 Reb8 24. Rda1 Ne7 25. Nf5 Nxe4 26. Ra7 R8b7 27. Rxb7 Rxb7 28. Ra8+ Kh7 29. Nxe7 Qxe7 30. Ra5 Qd7 31. b3 f5 32. bxc4 bxc4 33. Qxc4 Rb1+ 34. Kh2 Nf2 35. Ra2 Rh1+ 36. Kg3 Ne4+ 37. Kh4 g5+ 0-1


[Site "https://www.chess.com"]

[Event "Titled Tuesday Blitz July 18 Late 2023"]
[White "WindWhistler11"]
[Black "Eggleston, Thomas A"]
[BlackFideId "412139"]
[WhiteElo "2452"]
[BlackElo "2366"]
[Result "0-1"]
[Round "8"]
[TimeControl "180+2"]
[Date "2023.07.18"]
[WhiteClock "0:01:14"]
[BlackClock "0:01:35"]
[Board "94"]

1. Nf3 Nf6 2. g3 g6 3. Bg2 Bg7 4. O-O O-O 5. b3 d6 6. Bb2 e5 7. d4 e4 8. Nfd2 Qe7 9. e3 h5 10. c4 c5 11. Nc3 Bf5 12. f3 exf3 13. Qxf3 Nc6 14. Nd5 Nxd5 15. cxd5 Nb4 16. e4 Bg4 17. Qf4 Nd3 0-1


[Site "https://www.chess.com"]

[Event "Titled Tuesday Blitz July 18 Late 2023"]
[White "Gaal, Zsoka"]
[Black "Ilyuchyk, Yana"]
[WhiteFideId "777765"]
[BlackFideId "13508407"]
[WhiteElo "2449"]
[BlackElo "2361"]
[Result "1-0"]
[Round "8"]
[TimeControl "180+2"]
[Date "2023.07.18"]
[WhiteClock "0:00:07"]
[BlackClock "0:00:03"]
[Board "95"]

1. Nf3 Nf6 2. g3 g6 3. b3 Bg7 4. Bb2 O-O 5. Bg2 d6 6. d4 Nbd7 7. O-O Re8 8. c4 c6 9. Nc3 e5 10. Qc2 Qe7 11. dxe5 dxe5 12. Rad1 e4 13. Ng5 e3 14. f4 Nc5 15. b4 Bf5 16. Qc1 Ncd7 17. c5 Ng4 18. Nge4 Bxe4 19. Nxe4 Ndf6 20. Qc3 Nh5 21. Qb3 Red8 22. h3 Nf2 23. Nxf2 exf2+ 24. Kxf2 Re8 25. e4 g5 26. Bxg7 Kxg7 27. Kg1 gxf4 28. gxf4 Qh4 29. Qf3 Kh8 30. Qg4 Qxg4 31. hxg4 Ng3 32. Rfe1 Rad8 33. Rxd8 Rxd8 34. Kf2 Rd3 35. Re3 Rxe3 36. Kxe3 h5 37. Kf2 h4 38. e5 Kg7 39. a4 f6 40. e6 f5 41. gxf5 Kf6 42. b5 Nxf5 43. bxc6 bxc6 44. Bxc6 Kxe6 45. Bg2 Nd4 46. c6 Kd6 47. Be4 a5 48. Kg2 Ne6 49. Kf3 Nd4+ 50. Kg4 Nxc6 51. Bxc6 Kxc6 52. Kxh4 Kc5 53. f5 Kb4 54. f6 Kxa4 55. f7 Kb3 56. f8=Q a4 57. Qf1 a3 58. Qa1 a2 59. Kg4 1-0


[Site "https://www.chess.com"]

[Event "Titled Tuesday Blitz July 18 Late 2023"]
[White "Shapiro, Daniel"]
[Black "Horcajuelo Rocamora, Martin"]
[WhiteFideId "2001780"]
[BlackFideId "24573027"]
[WhiteElo "2365"]
[BlackElo "2447"]
[Result "0-1"]
[Round "8"]
[TimeControl "180+2"]
[Date "2023.07.18"]
[WhiteClock "0:00:00"]
[BlackClock "0:00:18"]
[Board "96"]

1. d4 c5 2. d5 g6 3. Nc3 Bg7 4. e4 d6 5. h3 a6 6. a4 Nf6 7. Nf3 O-O 8. Bc4 Nbd7 9. Bf4 Rb8 10. Qd3 Nh5 11. Bh2 Qa5 12. g4 Nhf6 13. e5 Ne8 14. e6 fxe6 15. dxe6 Ndf6 16. O-O Nc7 17. Ra3 Kh8 18. Ng5 h6 19. Nf7+ Kh7 20. Nxd6 exd6 21. e7 Be6 22. exf8=N+ Rxf8 23. Bxe6 Nxe6 24. Qxd6 Ng5 25. f4 Nge4 26. Nxe4 Nxe4 27. Qe7 Qb4 28. Re3 Nf6 29. g5 Nd5 30. Re5 Nxe7 31. Rxe7 Qd4+ 32. Kg2 hxg5 33. Rfe1 gxf4 34. R1e4 f3+ 35. Kg3 Qd6+ 36. Kh4 Qxh2 0-1


[Site "https://www.chess.com"]

[Event "Titled Tuesday Blitz July 18 Late 2023"]
[White "Rodriguez Santiago, Jaime"]
[Black "Deviprasath, Sharvesh"]
[WhiteFideId "3100898"]
[BlackFideId "30938228"]
[WhiteElo "2357"]
[BlackElo "2443"]
[Result "1/2-1/2"]
[Round "8"]
[TimeControl "180+2"]
[Date "2023.07.18"]
[WhiteClock "0:00:24"]
[BlackClock "0:00:06"]
[Board "97"]

1. c4 Nf6 2. d4 g6 3. Nc3 Bg7 4. e4 d6 5. Be2 O-O 6. Bg5 c6 7. Qd2 a6 8. h4 b5 9. cxb5 axb5 10. f3 b4 11. Nd1 c5 12. dxc5 dxc5 13. Qxd8 Rxd8 14. Bc4 Ba6 15. Bxa6 Rxa6 16. Ne2 Nc6 17. Ne3 h6 18. Bf4 Nh5 19. Nc4 Nd4 20. Nxd4 Nxf4 21. Nb3 Nxg2+ 22. Kf2 Nf4 23. Ke3 g5 24. hxg5 hxg5 25. Rhg1 Rd3+ 26. Kf2 Bxb2 27. Rxg5+ Kf8 28. Nxb2 Rxb3 29. Rh1 Rxb2+ 30. Kg3 Ne2+ 31. Kg4 e6 32. Rh8+ Ke7 33. Rxc5 Ra7 34. e5 Rbxa2 35. Rcc8 f5+ 36. Kg5 Kd7 37. Rhd8+ Ke7 38. Re8+ Kd7 39. Red8+ Ke7 40. Re8+ Kd7 41. Red8+ 1/2-1/2


[Site "https://www.chess.com"]

[Event "Titled Tuesday Blitz July 18 Late 2023"]
[White "Kostiukov, Alexandr"]
[Black "Pein, Jonathan"]
[WhiteFideId "14108100"]
[BlackFideId "417092"]
[WhiteElo "2353"]
[BlackElo "2443"]
[Result "1/2-1/2"]
[Round "8"]
[TimeControl "180+2"]
[Date "2023.07.18"]
[WhiteClock "0:00:00"]
[BlackClock "0:00:05"]
[Board "98"]

1. g3 h5 2. Nf3 Nc6 3. e4 e5 4. Bg2 Bc5 5. O-O d6 6. c3 Nf6 7. d4 Bb6 8. dxe5 Nxe5 9. Nxe5 dxe5 10. Qxd8+ Kxd8 11. Bg5 c6 12. Nd2 Be6 13. a4 Kc7 14. a5 Bc5 15. b4 Be7 16. h3 Rad8 17. Rfd1 Rhe8 18. Be3 Kb8 19. Bf1 Nd7 20. Nc4 f6 21. Nd6 Rf8 22. Rd2 Kc7 23. Rad1 Nb8 24. Bxa7 Rxd6 25. Bb6+ Kd7 26. Bc5 Rxd2 27. Rxd2+ Ke8 28. Bb6 Nd7 29. Bc7 Kf7 30. f4 g6 31. Kf2 Rc8 32. Bd6 Bxd6 33. Rxd6 Ke7 34. Rd2 c5 35. b5 c4 36. Ke3 Nc5 37. Ra2 Ra8 38. h4 Kd7 39. f5 gxf5 40. exf5 Bf7 41. Be2 Kc7 42. Bf3 e4 43. Be2 Nb3 44. a6 bxa6 45. bxa6 Nc5 46. a7 Kb6 47. Kd4 Rd8+ 48. Ke3 Ra8 49. Kd4 Nb3+ 50. Kxe4 Rxa7 51. Rxa7 Kxa7 52. g4 hxg4 53. Bxg4 Kb6 54. h5 Nc5+ 55. Kd4 Nb3+ 56. Ke4 Nd2+ 57. Kd4 Kc6 58. h6 Bg8 59. Bh5 Kd6 60. Bg6 Nf3+ 61. Ke3 Ng5 62. Kd4 Bh7 63. Kxc4 Ke5 64. Kb5 Bg8 65. c4 Ne4 66. c5 Nc3+ 67. Kb6 Nd5+ 68. Kb7 Ne7 69. c6 Bd5 70. h7 Bxc6+ 71. Kc7 Be4 72. h8=Q Bxf5 73. Bxf5 Nxf5 74. Qe8+ Kf4 75. Kc6 Kg5 76. Kd5 Nh6 77. Ke6 f5 78. Qf8 f4 79. Qf6+ Kh5 80. Qxf4 Ng4 1/2-1/2


[Site "https://www.chess.com"]

[Event "Titled Tuesday Blitz July 18 Late 2023"]
[White "Figorito, Nick"]
[Black "Castella Garcia, Fausto"]
[WhiteFideId "30923689"]
[BlackFideId "3501922"]
[WhiteElo "2353"]
[BlackElo "2429"]
[Result "0-1"]
[Round "8"]
[TimeControl "180+2"]
[Date "2023.07.18"]
[WhiteClock "0:00:07"]
[BlackClock "0:00:07"]
[Board "99"]

1. Nf3 c5 2. g3 g6 3. Bg2 Bg7 4. O-O Nf6 5. c4 O-O 6. d4 cxd4 7. Nxd4 Nc6 8. Nc2 d6 9. Nc3 Qa5 10. Qd2 Be6 11. b3 Qh5 12. Qg5 Bf5 13. e4 Bg4 14. Qxh5 gxh5 15. Bb2 Nd7 16. Ne3 Nc5 17. Nxg4 hxg4 18. Rad1 Rfe8 19. Ba1 Ne5 20. Nd5 Rac8 21. f4 gxf3 22. Bxf3 Nxf3+ 23. Rxf3 Bxa1 24. Rxa1 Nxe4 25. Re1 Ng5 26. Rfe3 Ne6 27. Re4 a6 28. a4 b5 29. axb5 axb5 30. cxb5 Rc5 31. Nf4 Rxb5 32. Nxe6 fxe6 33. Rxe6 Kf7 34. R6e3 e5 35. Rc1 Re7 36. Rc6 Ke6 37. Rd3 Rd7 38. Rf3 e4 39. Rf8 Kd5 40. Rc3 Kd4 41. Rc1 Rxb3 42. Rd1+ Rd3 43. Ra1 d5 44. Rb8 e3 45. Rb4+ Ke5 46. Re1 d4 47. Kg2 Ke4 48. Rb6 Rd2+ 49. Kh3 Rd5 50. Re6+ Re5 51. Rxe5+ Kxe5 52. Ra1 Ke4 53. Ra7 e2 54. Rxh7 d3 55. Re7+ Kd4 56. Kg4 Rd1 57. Rd7+ Ke3 58. Re7+ Kf2 59. Rf7+ Kg2 60. Re7 e1=Q 61. Rxe1 Rxe1 62. h4 d2 63. h5 d1=Q+ 64. Kg5 Qd8+ 65. Kh6 Re6+ 66. Kg7 Qf6+ 67. Kg8 Re8+ 68. Kh7 Rh8# 0-1


[Site "https://www.chess.com"]

[Event "Titled Tuesday Blitz July 18 Late 2023"]
[White "Prydun, Andriy"]
[Black "Herman, Daniel"]
[WhiteFideId "14145898"]
[BlackFideId "30935008"]
[WhiteElo "2348"]
[BlackElo "2428"]
[Result "0-1"]
[Round "8"]
[TimeControl "180+2"]
[Date "2023.07.18"]
[WhiteClock "0:00:00"]
[BlackClock "0:00:08"]
[Board "100"]

1. d4 Nf6 2. Nd2 d5 3. Ngf3 e6 4. Nb3 a5 5. a4 Nc6 6. Bg5 h6 7. Bh4 g5 8. Bg3 Ne4 9. Nfd2 Nxg3 10. hxg3 Bg7 11. c3 e5 12. e3 O-O 13. Bb5 e4 14. c4 Nb4 15. cxd5 Bf5 16. Rc1 Nd3+ 17. Bxd3 exd3 18. Qf3 Bg6 19. e4 Re8 20. Kf1 Ra6 21. Qxd3 Rb6 22. f3 Qxd5 23. Rxc7 Qd6 24. Rc5 Qxg3 25. Rxa5 Rbe6 26. Nc5 R6e7 27. Rb5 f5 28. Rxb7 Rxb7 29. Nxb7 fxe4 30. Qb3+ Bf7 31. Qc2 e3 32. Ne4 Qb8 33. Ned6 e2+ 34. Ke1 Re7 35. Nxf7 Qxb7 36. Nd6 Qb4+ 37. Qc3 Qxd6 38. b4 Bxd4 39. Qc4+ Kg7 40. Rh3 Bf6 0-1


[Site "https://www.chess.com"]

[Event "Titled Tuesday Blitz July 18 Late 2023"]
[White "Kovacsy, Barnabas"]
[Black "Avalos Parra, Joao"]
[WhiteFideId "769290"]
[BlackFideId "3402541"]
[WhiteElo "2426"]
[BlackElo "2347"]
[Result "1-0"]
[Round "8"]
[TimeControl "180+2"]
[Date "2023.07.18"]
[WhiteClock "0:00:29"]
[BlackClock "0:00:03"]
[Board "101"]

1. e4 e5 2. Nf3 Nc6 3. Bb5 a6 4. Bxc6 dxc6 5. Nc3 Bd6 6. d4 exd4 7. Qxd4 f6 8. Be3 Ne7 9. O-O-O Be6 10. Kb1 O-O 11. Qd3 Ng6 12. Nd4 Bf7 13. f3 Qe8 14. Nf5 Bb4 15. Qd7 Qe5 16. Bd4 Qa5 17. a3 Bxc3 18. Bxc3 Qb6 19. Ne7+ Nxe7 20. Qxe7 Rfe8 21. Qb4 Qxb4 22. Bxb4 Rad8 23. Kc1 Bc4 24. Rd2 Rxd2 25. Kxd2 Rd8+ 26. Ke3 Kf7 27. b3 Be6 28. Ke2 b6 29. Rd1 Re8 30. Kf2 f5 31. e5 f4 32. h4 Bf5 33. Bc3 Bxc2 34. Rd7+ Re7 35. Rxe7+ Kxe7 36. b4 Ke6 37. g3 fxg3+ 38. Kxg3 Kf5 39. e6 Kxe6 40. Bxg7 Kf5 41. Bd4 h5 42. Be3 Bb3 43. Bf4 c5 44. bxc5 bxc5 45. Bxc7 c4 46. Ba5 Bd1 47. Bc3 Bc2 48. Kf2 Kf4 49. Bd2+ Ke5 50. Ke3 Bd3 51. Bc3+ Kd5 52. a4 Bc2 53. a5 Bb1 54. Kf4 Bd3 55. Kg5 Be2 56. Kf4 Bd1 57. Ke3 Bc2 58. f4 Bd1 59. f5 Bg4 60. f6 Ke6 61. Kf4 Be2 62. Kg5 Kf7 63. Kf5 Bf3 64. Ke5 Be2 65. Kd6 Bg4 66. Kc5 Be6 67. Kb6 Bc8 68. Kc7 Be6 69. Kb7 Kg6 70. Kxa6 Kf5 71. Kb6 1-0


[Site "https://www.chess.com"]

[Event "Titled Tuesday Blitz July 18 Late 2023"]
[White "Dubreuil, Julien"]
[Black "JonSnowNW1"]
[WhiteFideId "621285"]
[WhiteElo "2346"]
[BlackElo "2424"]
[Result "1/2-1/2"]
[Round "8"]
[TimeControl "180+2"]
[Date "2023.07.18"]
[WhiteClock "0:00:09"]
[BlackClock "0:00:00"]
[Board "102"]

1. e4 c5 2. Nf3 d6 3. Bb5+ Nd7 4. Ba4 Nf6 5. e5 dxe5 6. Nxe5 e6 7. d4 Bd6 8. O-O O-O 9. Nxd7 Bxd7 10. Bxd7 Qxd7 11. dxc5 Bxc5 12. Qxd7 Nxd7 13. Rd1 Ne5 14. Bf4 Rfd8 15. Nc3 Nc4 16. Ne4 Bd4 17. c3 Be5 18. Bxe5 Nxe5 19. Nd6 Rd7 20. f4 Ng4 21. Nb5 Rad8 22. Rxd7 Rxd7 23. h3 Ne3 24. Re1 Rd1 25. Rxd1 Nxd1 26. b4 a6 27. Nd6 Nxc3 28. Nxb7 Nxa2 29. Kf2 Nxb4 30. Ke3 Kf8 31. Kd4 Ke7 32. Kc5 Nd5 33. f5 Ne3 34. fxe6 fxe6 35. g3 Kf6 36. g4 Kg5 37. Kd4 Nd5 38. Nc5 Nc7 39. Ke5 a5 40. Kd6 Nb5+ 41. Kxe6 Kh4 42. Kf7 g5 43. Kg7 Kxh3 44. Kxh7 Kxg4 45. Kg6 Kh4 46. Kf5 g4 47. Kf4 Kh3 48. Ne4 a4 49. Nf2+ Kh4 50. Nxg4 a3 51. Ne3 Nd4 52. Ke4 a2 53. Kxd4 a1=Q+ 54. Ke4 Kg5 55. Nd5 Qe1+ 56. Ne3 Qb4+ 57. Ke5 Qa3 58. Ke4 Qc3 59. Nd5 Qc4+ 60. Ke5 Qc5 61. Ke4 Qc2+ 62. Ke5 Qd3 63. Ke6 Qe4+ 64. Kd6 Kf5 65. Ne7+ Kf6 66. Nd5+ Kf7 67. Kc5 Qe5 68. Kc6 Ke6 69. Nc7+ Ke7 70. Nd5+ Kd8 71. Kc5 Kd7 72. Kc4 Kd6 73. Nb4 1/2-1/2


[Site "https://www.chess.com"]

[Event "Titled Tuesday Blitz July 18 Late 2023"]
[White "Rios Escobar, Adan"]
[Black "Alain_Otero"]
[WhiteFideId "3403645"]
[WhiteElo "2423"]
[BlackElo "2345"]
[Result "1-0"]
[Round "8"]
[TimeControl "180+2"]
[Date "2023.07.18"]
[WhiteClock "0:00:22"]
[BlackClock "0:00:00"]
[Board "103"]

1. d4 d5 2. g3 Nf6 3. Nf3 e6 4. c4 dxc4 5. Bg2 a6 6. O-O Nc6 7. e3 Rb8 8. Qc2 b5 9. b3 Nb4 10. Qd2 cxb3 11. axb3 Ne4 12. Qe2 Bb7 13. Bb2 Be7 14. Rc1 O-O 15. Ne5 Rc8 16. Na3 c5 17. dxc5 Bxc5 18. Rd1 Bd6 19. Rxd6 Qxd6 20. Rd1 Qc7 21. Nd7 Rfd8 22. Qg4 g6 23. Bxe4 Rxd7 24. Rxd7 Qxd7 25. Bxb7 Qxb7 26. Qxb4 a5 27. Qd4 1-0


[Site "https://www.chess.com"]

[Event "Titled Tuesday Blitz July 18 Late 2023"]
[White "Calin, Alexandru"]
[Black "Ai, Evan"]
[WhiteFideId "1222961"]
[BlackFideId "2094770"]
[WhiteElo "2342"]
[BlackElo "2420"]
[Result "1-0"]
[Round "8"]
[TimeControl "180+2"]
[Date "2023.07.18"]
[WhiteClock "0:00:31"]
[BlackClock "0:00:07"]
[Board "104"]

1. d4 Nf6 2. Bg5 d5 3. Bxf6 exf6 4. g3 c6 5. Bg2 Bd6 6. e3 O-O 7. Ne2 Re8 8. O-O Nd7 9. b3 a5 10. c4 dxc4 11. bxc4 f5 12. Nbc3 Nf6 13. Rb1 Ne4 14. Qc2 Qe7 15. Na4 Bd7 16. Rxb7 Reb8 17. Rfb1 Rxb7 18. Rxb7 Rb8 19. Rxb8+ Bxb8 20. Nec3 Nxc3 21. Nxc3 Bd6 22. c5 Bc7 23. Qb3 f4 24. Qb7 Be8 25. e4 fxg3 26. hxg3 Qd7 27. d5 Be5 28. Qxd7 Bxd7 29. Ne2 Kf8 30. f4 Bb2 31. e5 Ba3 32. dxc6 Bxc5+ 33. Kf1 Be6 34. Nc3 Bc4+ 35. Ke1 Bb4 36. Kd2 Bxa2 37. c7 Be6 38. Bb7 f6 39. exf6 gxf6 40. c8=Q+ Bxc8 41. Bxc8 Kg7 42. Kd3 Kg6 43. Ne4 h5 44. Bd7 Be7 45. Be8+ Kh6 46. f5 Bd8 47. Kc4 Bb6 48. Kb5 Bd8 49. Ka4 Bb6 50. Bg6 Bd8 51. Kb5 Bc7 52. Nxf6 Bxg3 53. Nxh5 Be5 54. Kxa5 Kg5 55. Kb5 Bf6 56. Nxf6 Kxf6 57. Kc5 Ke5 58. Kc4 Kf6 59. Kd5 1-0


[Site "https://www.chess.com"]

[Event "Titled Tuesday Blitz July 18 Late 2023"]
[White "Vifleemskaia, Svetlana"]
[Black "Mazurkiewicz, Michal"]
[WhiteFideId "4129490"]
[BlackFideId "1124943"]
[WhiteElo "2334"]
[BlackElo "2415"]
[Result "1-0"]
[Round "8"]
[TimeControl "180+2"]
[Date "2023.07.18"]
[WhiteClock "0:00:02"]
[BlackClock "0:00:00"]
[Board "105"]

1. d4 Nf6 2. c4 e5 3. dxe5 Ng4 4. Bf4 Nc6 5. Nf3 Bb4+ 6. Nbd2 Qe7 7. e3 Ngxe5 8. Nxe5 Nxe5 9. a3 Bc5 10. b4 Bd4 11. Ra2 a5 12. Be2 axb4 13. Qb3 Bc3 14. O-O Bxd2 15. Rxd2 Rxa3 16. Qb2 Nc6 17. Qxg7 Qf8 18. Qxf8+ Rxf8 19. Bxc7 Rg8 20. Rb2 Rg5 21. Bd6 Rga5 22. Bxb4 Nxb4 23. Rxb4 d6 24. Bf3 Ra7 25. h3 Kd8 26. Rfb1 Kc7 27. Rb5 Rc3 28. Bd5 f6 29. g4 f5 30. gxf5 Bxf5 31. Rxb7+ Rxb7 32. Rxb7+ Kc8 33. Rf7 Bg6 34. Re7 Kd8 35. Rg7 Ke8 36. Kg2 Kf8 37. Rd7 Rd3 38. Rxd6 Be4+ 39. Kg3 Rd1 40. Kf4 Bg6 41. Rd7 Rd2 42. f3 Rh2 43. Kg3 Rc2 44. Rc7 Rc3 45. e4 Ke8 46. Kf4 Kd8 47. Ra7 Bh5 48. Ke5 Bxf3 49. Rxh7 Bg2 50. Rh8+ Kc7 51. h4 Kb6 52. Rh7 Kc5 53. Rc7+ Kb4 54. Rb7+ Ka5 55. Rb5+ Ka4 56. Kd6 Re3 57. e5 Rd3 58. Ke6 Bh3+ 59. Kd6 Re3 60. e6 Rd3 61. Rc5 Bg2 62. e7 Kb4 63. Rc8 Bxd5 64. cxd5 Re3 65. e8=Q Re6+ 66. Kxe6 1-0


[Site "https://www.chess.com"]

[Event "Titled Tuesday Blitz July 18 Late 2023"]
[White "Jorajuria Mendoza, Algol"]
[Black "Lopez Idarraga, Daniel Eduardo"]
[WhiteFideId "5128897"]
[BlackFideId "4405501"]
[WhiteElo "2410"]
[BlackElo "2326"]
[Result "0-1"]
[Round "8"]
[TimeControl "180+2"]
[Date "2023.07.18"]
[WhiteClock "0:00:00"]
[BlackClock "0:00:22"]
[Board "106"]

1. e4 c6 2. d4 d5 3. e5 Bf5 4. Nf3 e6 5. c3 Ne7 6. Be2 Nd7 7. a4 c5 8. dxc5 Nxc5 9. Nd4 Bg6 10. Bb5+ Nd7 11. a5 a6 12. Ba4 Rc8 13. Bg5 Qc7 14. O-O Nc6 15. Nxc6 bxc6 16. f4 Bc5+ 17. Kh1 O-O 18. Nd2 Rb8 19. b4 Ba7 20. Be7 c5 21. Bd6 Qc8 22. Bxb8 Nxb8 23. Nb3 c4 24. Nd4 Bd3 25. Rf3 Bxd4 26. cxd4 Be4 27. Rg3 Qb7 28. Qd2 Nc6 29. Ra2 Nxb4 30. Rb2 Rb8 31. Rc3 Qc7 32. Qc1 Nd3 33. Rxb8+ Qxb8 34. Qf1 Qb4 35. Qa1 Nxf4 36. Bc2 Bxg2+ 37. Kg1 Ne2+ 38. Kxg2 Qxc3 39. Qd1 Nf4+ 0-1


[Site "https://www.chess.com"]

[Event "Titled Tuesday Blitz July 18 Late 2023"]
[White "Korkmaz, Necmettin"]
[Black "cedchass2006"]
[WhiteFideId "6303285"]
[WhiteElo "2466"]
[BlackElo "2407"]
[Result "1-0"]
[Round "8"]
[TimeControl "180+2"]
[Date "2023.07.18"]
[WhiteClock "0:01:54"]
[BlackClock "0:01:39"]
[Board "107"]

1. e4 e5 2. Nf3 Nc6 3. d4 exd4 4. Bc4 Bc5 5. O-O Nf6 6. e5 d5 7. exf6 dxc4 8. Re1+ Be6 9. Ng5 O-O 10. Rxe6 fxe6 11. Qh5 Rxf6 12. Qxh7+ Kf8 13. Qh8+ Ke7 14. Qxg7+ Kd6 15. Ne4+ Ke5 16. Nxf6 Qxf6 17. f4+ Kf5 18. g4+ Ke4 19. Qxf6 d3+ 20. Kg2 Nd4 21. Nc3# 1-0


[Site "https://www.chess.com"]

[Event "Titled Tuesday Blitz July 18 Late 2023"]
[White "Petukhov, Dmitry"]
[Black "ChessSG1"]
[WhiteFideId "4142748"]
[WhiteElo "2464"]
[BlackElo "2275"]
[Result "0-1"]
[Round "8"]
[TimeControl "180+2"]
[Date "2023.07.18"]
[WhiteClock "0:00:00"]
[BlackClock "0:01:33"]
[Board "108"]

1. e4 c5 2. c3 Nf6 3. e5 Nd5 4. d4 cxd4 5. Nf3 e6 6. cxd4 d6 7. Nc3 Nxc3 8. bxc3 Qc7 9. Bd2 Nd7 10. Bd3 dxe5 11. O-O Bd6 12. h3 O-O 13. Re1 b6 14. dxe5 Nxe5 15. Bxh7+ Kxh7 16. Ng5+ Kg6 17. f4 Bc5+ 18. Kh1 Nd3 19. Qc2 Ba6 20. c4 Rad8 21. Rad1 Kh6 22. f5 Nf2+ 23. Kg1 Nxd1+ 24. Kf1 Rxd2 25. Qxd2 Ne3+ 26. Rxe3 Qf4+ 27. Rf3 Qxd2 0-1


[Site "https://www.chess.com"]